[Event "January 9 Early 2024"]
[Site "https://www.chess.com"]
[Date "2024.01.11"]
[Round "3"]
[White "Omelja, Artem"]
[Black "Herman, Daniel"]
[Result "1-0"]
[Board "75"]
[TimeControl "180+1"]
[WhiteFideId "14119846"]
[BlackFideId "30935008"]
[WhiteElo "2629"]
[BlackElo "2429"]
[WhiteTeam "UKR"]
[BlackTeam "USA"]
[WhiteClock "0:02:40"]
[BlackClock "0:00:29"]

1. d4 Nf6 2. c4 g6 3. Nc3 d5 4. cxd5 Nxd5 5. Nf3 Bg7 6. Bg5 O-O 7. Rc1 c5 8. Nxd5 Qxd5 9. Bxe7 Re8 10. Bxc5 Qxa2 11. Qd2 Nc6 12. e3 Bg4 13. Be2 Rac8 14. O-O Qd5 15. h3 Bf5 16. Ng5 h6 17. Bc4 Qxc4 18. Rxc4 hxg5 19. Rfc1 Rcd8 20. b4 a6 21. Bb6 Rd7 22. Rc5 g4 23. hxg4 Bxg4 24. b5 axb5 25. Rxb5 Bh6 26. d5 Ne5 27. Bd4 f5 28. d6 Nf7 29. Qa2 f4 30. Rc7 Be6 31. Qxe6 Rxe6 32. Rxd7 Nxd6 33. Rb6 Bf8 34. Bc5 Nc4 35. Rxe6 Bxc5 36. Re8+ Bf8 37. Rdd8 Kf7 38. Rxf8+ Ke6 39. Rxf4 b5 40. Rxc4 bxc4 41. Kf1 Ke5 42. Rd4 c3 43. Rc4 Kd5 44. Rxc3 Ke4 45. Rc4+ Kd3 46. Rg4 Kd2 47. Rxg6 Kd3 48. Re6 Kd2 49. f4 Kd3 50. f5 Kd2 51. g4 Kd3 52. g5 Kd2 53. g6 Kd3 54. g7 Kd2 55. g8=Q Kd3 56. Qf7 Kd2 57. Qe7 Kd1 58. f6 Kd2 59. f7 Kd3 60. f8=Q Kd2 61. Qfd8+ Kc2 62. Qec7+ Kb3 63. Rb6+ Ka2 64. Qd5+ Ka1 65. Qd4+ Ka2 66. Qf7+ Ka3 67. Qc3+ Ka4 68. Rb4+ Ka5 69. e4 Ka6 70. e5 Ka5 71. e6 Ka6 72. e7 Ka5 73. e8=Q Ka6 74. Ke2 Ka5 75. Kd3 Ka6 76. Kc4 Ka5 77. Kb3 Ka6 78. Qfc4+ Ka5 79. Qa4# 1-0

[Event "January 9 Early 2024"]
[Site "https://www.chess.com"]
[Date "2024.01.11"]
[Round "3"]
[White "Indjic, Aleksandar"]
[Black "Olenik Campa, Rudi"]
[Result "1-0"]
[Board "76"]
[TimeControl "180+1"]
[WhiteFideId "911925"]
[BlackFideId "14633264"]
[WhiteElo "2890"]
[BlackElo "2576"]
[WhiteTeam "SRB"]
[BlackTeam "SLO"]
[WhiteClock "0:00:50"]
[BlackClock "0:00:18"]

1. d4 Nf6 2. c4 g6 3. Nc3 Bg7 4. e4 d6 5. Be2 O-O 6. Be3 Nc6 7. d5 Ne5 8. f4 Neg4 9. Bd2 Nh6 10. h3 e5 11. fxe5 dxe5 12. g4 Ne8 13. Nf3 f5 14. gxf5 gxf5 15. Qc2 fxe4 16. Nxe4 Bf5 17. Rg1 Kh8 18. O-O-O b5 19. Rxg7 Kxg7 20. Rg1+ Bg6 21. Nxe5 Nf5 22. Nc5 Kh8 23. Bc3 Neg7 24. Nxg6+ hxg6 25. Ne6 Qh4 26. Rxg6 1-0

[Event "January 9 Early 2024"]
[Site "https://www.chess.com"]
[Date "2024.01.11"]
[Round "3"]
[White "Gutierrez Carmona, Juan Alejandro"]
[Black "Saha, Ananda"]
[Result "0-1"]
[Board "77"]
[TimeControl "180+1"]
[WhiteFideId "5106770"]
[BlackFideId "2619644"]
[WhiteElo "2185"]
[BlackElo "2479"]
[WhiteTeam "MEX"]
[BlackTeam "CAN"]
[WhiteClock "0:00:05"]
[BlackClock "0:01:02"]

1. e4 e6 2. Qe2 c5 3. Nf3 Nc6 4. g3 Nge7 5. Bg2 d5 6. d3 g6 7. O-O Bg7 8. e5 b5 9. c4 bxc4 10. dxc4 O-O 11. Nc3 Rb8 12. Bg5 Ba6 13. b3 Qa5 14. Bd2 Qc7 15. Rfe1 Nf5 16. Nb5 Bxb5 17. cxb5 Ncd4 18. Qd3 Nxf3+ 19. Bxf3 Bxe5 20. Rac1 Bg7 21. Bf4 e5 22. Bd2 e4 23. Qxd5 exf3 24. Rxc5 Qd8 0-1

[Event "January 9 Early 2024"]
[Site "https://www.chess.com"]
[Date "2024.01.11"]
[Round "3"]
[White "Saim, Mohamed Ilias"]
[Black "Ljukin, Sergei"]
[Result "0-1"]
[Board "78"]
[TimeControl "180+1"]
[WhiteFideId "7900465"]
[BlackFideId "14102200"]
[WhiteElo "2108"]
[BlackElo "2537"]
[WhiteTeam "ALG"]
[BlackTeam "UKR"]
[WhiteClock "0:00:31"]
[BlackClock "0:00:40"]

1. c4 c6 2. d4 d5 3. Nf3 Nf6 4. e3 e6 5. Nbd2 c5 6. Bd3 Nc6 7. dxc5 Bxc5 8. cxd5 exd5 9. Nb3 Bd6 10. O-O Bg4 11. Be2 O-O 12. Nbd4 Ne4 13. b3 Nc3 14. Qd2 Nxe2+ 15. Qxe2 Nxd4 16. exd4 Qf6 17. Qd3 Bxf3 18. Qxf3 Qxd4 19. Be3 Qe4 20. Rfd1 Rfd8 21. Qh5 g6 22. Qh6 Be5 23. Rac1 d4 24. Rc4 dxe3 25. Rxd8+ Rxd8 26. fxe3 Rd1+ 27. Kf2 Qf5+ 28. Rf4 Bxf4 29. Qg7+ Kxg7 0-1

[Event "January 9 Early 2024"]
[Site "https://www.chess.com"]
[Date "2024.01.11"]
[Round "3"]
[White "Vokhidov, Shamsiddin"]
[Black "Schnaider, Ilan"]
[Result "1-0"]
[Board "79"]
[TimeControl "180+1"]
[WhiteFideId "14204223"]
[BlackFideId "169013"]
[WhiteElo "3009"]
[BlackElo "2747"]
[WhiteTeam "UZB"]
[BlackTeam "ARG"]
[WhiteClock "0:01:59"]
[BlackClock "0:00:01"]

1. e4 c5 2. Nf3 d6 3. d4 cxd4 4. Nxd4 Nf6 5. Nc3 a6 6. a4 e5 7. Nf3 Be7 8. Bg5 Be6 9. Bxf6 Bxf6 10. Nd5 Be7 11. Bc4 Nc6 12. O-O O-O 13. c3 Bxd5 14. Bxd5 Qc7 15. Ne1 Kh8 16. Nc2 Bg5 17. Qe2 Ne7 18. Ba2 f5 19. exf5 Rxf5 20. Rad1 Raf8 21. g3 Bh6 22. Nb4 Qc5 23. Kg2 a5 24. Nd5 Qc6 25. Qe4 Nxd5 26. Bxd5 Qb6 27. Qe2 g6 28. Be4 R5f6 29. Rd5 Kg7 30. Rb5 Qd8 31. Rxb7+ R8f7 32. Rxf7+ Rxf7 33. Rd1 Qb6 34. f3 Be3 35. b4 Rc7 36. bxa5 Qa7 37. Rxd6 Rxc3 38. Qb5 Kh6 39. Qxe5 Rc1 40. Qf6 Bg1 41. Kh3 Qf2 42. Qh4+ Kg7 43. Rd7+ Kf8 44. Qd8# 1-0

[Event "January 9 Early 2024"]
[Site "https://www.chess.com"]
[Date "2024.01.11"]
[Round "3"]
[White "Gurevich, Dmitry"]
[Black "Bharath Subramaniyam H"]
[Result "0-1"]
[Board "80"]
[TimeControl "180+1"]
[WhiteFideId "2000407"]
[BlackFideId "46634827"]
[WhiteElo "2525"]
[BlackElo "2953"]
[WhiteTeam "USA"]
[BlackTeam "IND"]
[WhiteClock "0:00:05"]
[BlackClock "0:01:13"]

1. d4 Nf6 2. c4 b6 3. Nc3 Bb7 4. f3 d5 5. cxd5 Nxd5 6. e4 Nxc3 7. bxc3 e6 8. Bb5+ c6 9. Bd3 Be7 10. Ne2 O-O 11. O-O c5 12. Be3 Nc6 13. Qd2 cxd4 14. cxd4 Na5 15. Rac1 Qd7 16. Ng3 Rac8 17. d5 exd5 18. e5 Ba3 19. Rxc8 Qxc8 20. Bh6 Qe6 21. Bxg7 Kxg7 22. Nh5+ Kh8 23. Nf6 Qxe5 24. Nxh7 Re8 25. Kh1 Kg7 26. f4 Qd4 27. Qd1 f5 28. Qh5 Qxd3 29. Qg5+ Kxh7 30. Qh5+ Kg7 0-1

[Event "January 9 Early 2024"]
[Site "https://www.chess.com"]
[Date "2024.01.11"]
[Round "3"]
[White "Chernomordik, Pavel"]
[Black "Moksh Amit Doshi"]
[Result "1-0"]
[Board "81"]
[TimeControl "180+1"]
[WhiteFideId "2804530"]
[BlackFideId "25064967"]
[WhiteElo "2445"]
[BlackElo "2604"]
[WhiteTeam "ISR"]
[BlackTeam "IND"]
[WhiteClock "0:00:55"]
[BlackClock "0:01:37"]

1. e4 c5 2. Nc3 e6 3. f4 d5 4. Nf3 Nc6 5. Bb5 Nf6 6. e5 Nd7 7. O-O Be7 8. Re1 O-O 9. Bxc6 bxc6 10. d3 a6 11. b3 a5 12. Na4 Ba6 13. c4 f6 14. Bb2 fxe5 15. fxe5 d4 16. Qe2 Bg5 17. Bc1 Bxc1 18. Raxc1 Qe7 19. Qe4 Bb7 20. Rf1 Rf5 21. g4 Rf7 22. h4 Raf8 23. Ng5 Rxf1+ 24. Rxf1 g6 25. Rxf8+ Nxf8 26. Qf4 h6 27. Nf3 Kg7 28. Qf6+ Qxf6 29. exf6+ Kxf6 30. Nxc5 Bc8 31. Ne4+ Kg7 32. Nxd4 e5 33. Nf3 Bxg4 34. Nxe5 Bf5 35. Nxc6 Ne6 36. Kf2 g5 37. hxg5 hxg5 38. Ke3 g4 39. Ng3 Kf6 40. Nxa5 Bg6 41. Nc6 Kg5 42. d4 Kh4 43. Kf2 Nf4 44. Ne5 Bb1 45. a3 Kh3 46. d5 Ba2 47. d6 Bxb3 48. d7 Ne6 49. Ne4 Bc2 50. Ng5+ Kh2 51. Nxe6 g3+ 52. Ke3 g2 53. Nf3+ 1-0

[Event "January 9 Early 2024"]
[Site "https://www.chess.com"]
[Date "2024.01.11"]
[Round "3"]
[White "Gonzalez Vega, Alejandro"]
[Black "Murthy, Pappu"]
[Result "1/2-1/2"]
[Board "82"]
[TimeControl "180+1"]
[WhiteFideId "3510042"]
[BlackFideId "2013401"]
[WhiteElo "2296"]
[BlackElo "1899"]
[WhiteTeam "CUB"]
[BlackTeam "USA"]
[WhiteClock "0:00:14"]
[BlackClock "0:00:54"]

1. d4 Nf6 2. c4 e6 3. Nc3 d5 4. cxd5 exd5 5. Bg5 c6 6. Qc2 h6 7. Bh4 Bd6 8. e3 O-O 9. Bd3 a5 10. Nge2 Na6 11. a3 Nc7 12. Bg3 Re8 13. O-O Bxg3 14. Nxg3 Ne6 15. Rad1 Nf8 16. Rfe1 h5 17. Bf5 g6 18. Bxc8 Qxc8 19. e4 h4 20. Nf1 h3 21. e5 Qg4 22. Ne3 Qg5 23. exf6 Ne6 24. g3 Qxf6 25. Qd3 Qf3 26. Qe2 Qf6 27. Qd3 Qf3 28. Qe2 Qf6 29. Qd3 1/2-1/2

[Event "January 9 Early 2024"]
[Site "https://www.chess.com"]
[Date "2024.01.11"]
[Round "3"]
[White "Cori T., Deysi"]
[Black "Dyulgerov, Volen"]
[Result "1-0"]
[Board "83"]
[TimeControl "180+1"]
[WhiteFideId "3801934"]
[BlackFideId "2918978"]
[WhiteElo "2603"]
[BlackElo "2389"]
[WhiteTeam "PER"]
[BlackTeam "BUL"]
[WhiteClock "0:01:04"]
[BlackClock "0:00:01"]

1. d4 e5 2. dxe5 d6 3. Nf3 Nc6 4. Nc3 Bg4 5. Bg5 Qd7 6. Qd2 h6 7. Bh4 g5 8. Bg3 O-O-O 9. O-O-O Qe6 10. Nd4 Qc4 11. e3 Qc5 12. Nb3 Qb6 13. Nd5 Bxd1 14. Nxb6+ axb6 15. Qxd1 dxe5 16. Qg4+ Kb8 17. Bb5 Bg7 18. Qa4 Na7 19. Be2 Nf6 20. h4 Nd5 21. hxg5 hxg5 22. Rxh8 Rxh8 23. Qc4 Rh1+ 24. Kd2 c6 25. Qe4 1-0

[Event "January 9 Early 2024"]
[Site "https://www.chess.com"]
[Date "2024.01.11"]
[Round "3"]
[White "Sokolovsky, Yahli"]
[Black "Pranav, V"]
[Result "0-1"]
[Board "84"]
[TimeControl "180+1"]
[WhiteFideId "2820242"]
[BlackFideId "25060783"]
[WhiteElo "2759"]
[BlackElo "3034"]
[WhiteTeam "ISR"]
[BlackTeam "IND"]
[WhiteClock "0:00:05"]
[BlackClock "0:01:30"]

1. b3 e5 2. Bb2 Nc6 3. Nf3 e4 4. Nd4 Nf6 5. e3 d5 6. c4 Be7 7. cxd5 Qxd5 8. Nc3 Qg5 9. Nxc6 bxc6 10. Qc2 Qg6 11. Nb5 Nd5 12. Bc4 Nb4 13. Nxc7+ Kd8 14. Qc3 Kxc7 15. Qe5+ Bd6 16. Qa5+ Kd7 17. Rc1 Bb7 18. a3 Nd3+ 19. Bxd3 exd3 20. O-O Rhe8 21. b4 Re4 22. g3 h5 23. b5 c5 24. b6 a6 25. Qc3 h4 26. Qxd3 Ke7 27. Qe2 Rh8 28. d3 Rg4 29. e4 hxg3 30. fxg3 Bxg3 31. hxg3 Rxg3+ 32. Kf2 Rg2+ 33. Ke1 Rxe2+ 34. Kxe2 Rh2+ 35. Rf2 Qg4+ 36. Ke3 Qg3+ 0-1

[Event "January 9 Early 2024"]
[Site "https://www.chess.com"]
[Date "2024.01.11"]
[Round "3"]
[White "Matta, Nicholas"]
[Black "Prudnykova, Olga"]
[Result "1-0"]
[Board "85"]
[TimeControl "180+1"]
[WhiteFideId "30914523"]
[BlackFideId "14121093"]
[WhiteElo "2524"]
[BlackElo "2270"]
[WhiteTeam "USA"]
[BlackTeam "ISL"]
[WhiteClock "0:01:18"]
[BlackClock "0:00:27"]

1. Nf3 Nf6 2. g3 g6 3. b3 Bg7 4. Bb2 O-O 5. Bg2 d5 6. c4 c5 7. cxd5 Nxd5 8. Bxg7 Kxg7 9. O-O f6 10. Qc1 b6 11. d4 cxd4 12. Nxd4 e6 13. Nc3 Qd7 14. Rd1 Qf7 15. Nxd5 exd5 16. e4 Bb7 17. Qf4 dxe4 18. Bxe4 Bxe4 19. Qxe4 Nd7 20. Ne6+ Kh8 21. Nxf8 Rxf8 22. Qb7 Ne5 23. Qxf7 Rxf7 24. Rd8+ Kg7 25. Rad1 g5 26. f4 Nf3+ 27. Kg2 g4 28. R1d7 Ne1+ 29. Kf1 Nf3 30. Rxf7+ Kxf7 31. Rd7+ Kg6 32. Rxa7 Nxh2+ 33. Kg2 Nf3 34. Rb7 Ne1+ 35. Kf1 Nc2 36. Rxb6 h5 37. a4 Ne3+ 38. Ke2 Nf5 39. Kf2 h4 40. gxh4 Nxh4 41. a5 Kf5 42. a6 Kxf4 43. Rb4+ Kg5 44. a7 1-0

[Event "January 9 Early 2024"]
[Site "https://www.chess.com"]
[Date "2024.01.11"]
[Round "3"]
[White "Aadit Bhatia"]
[Black "Cardozo Munar, Carlos Eduardo"]
[Result "1-0"]
[Board "86"]
[TimeControl "180+1"]
[WhiteFideId "25088955"]
[BlackFideId "4409477"]
[WhiteElo "2421"]
[BlackElo "2224"]
[WhiteTeam "IND"]
[BlackTeam "COL"]
[WhiteClock "0:00:30"]
[BlackClock "0:01:11"]

1. e4 e6 2. d4 d5 3. Nc3 Nf6 4. e5 Nfd7 5. f4 c5 6. Nf3 Nc6 7. Be3 Qb6 8. Qd2 Qxb2 9. Rb1 Qa3 10. Be2 a6 11. O-O cxd4 12. Nxd4 Bb4 13. Rb3 Qa5 14. a3 Bxc3 15. Rxc3 O-O 16. Nxc6 bxc6 17. Rxc6 Qxa3 18. Bd3 g6 19. Rc7 Rb8 20. g4 Rb7 21. Rc6 Rb6 22. Rxb6 Nxb6 23. Bxb6 Bb7 24. Bd4 a5 25. Ra1 Qe7 26. Qxa5 Qh4 27. Be2 h5 28. Bf2 Qh3 29. Ra3 1-0

[Event "January 9 Early 2024"]
[Site "https://www.chess.com"]
[Date "2024.01.11"]
[Round "3"]
[White "Derjabin, Ilja"]
[Black "Salem, A.R. Saleh"]
[Result "0-1"]
[Board "87"]
[TimeControl "180+1"]
[WhiteFideId "14104768"]
[BlackFideId "9301348"]
[WhiteElo "2526"]
[BlackElo "2972"]
[WhiteTeam "UKR"]
[BlackTeam "UAE"]
[WhiteClock "0:01:21"]
[BlackClock "0:01:27"]

1. d4 Nf6 2. c4 g6 3. Nc3 Bg7 4. e4 d6 5. Nge2 e5 6. d5 a5 7. Ng3 h5 8. Be2 h4 9. Nf1 Na6 10. Bg5 Nc5 11. f3 Bd7 12. Qd2 Rh5 13. Be3 b6 14. g4 hxg3 15. Nxg3 Rh3 16. Bg5 Qe7 17. Bf1 Rh8 18. O-O-O O-O-O 19. h4 Kb8 20. Kb1 Qf8 21. Bh3 Bh6 22. Bxd7 Nfxd7 23. Bxh6 Qxh6 24. Qxh6 Rxh6 25. h5 Rdh8 26. hxg6 fxg6 27. Rxh6 Rxh6 28. Rh1 Rxh1+ 29. Nxh1 Nf6 30. Kc2 Nh7 31. Kd2 Ng5 0-1

[Event "January 9 Early 2024"]
[Site "https://www.chess.com"]
[Date "2024.01.11"]
[Round "3"]
[White "Maltsevskaya, Aleksandra"]
[Black "Korol, Dimitry"]
[Result "1/2-1/2"]
[Board "88"]
[TimeControl "180+1"]
[WhiteFideId "24174041"]
[BlackFideId "14108003"]
[WhiteElo "2571"]
[BlackElo "2343"]
[WhiteTeam "POL"]
[BlackTeam "UKR"]
[WhiteClock "0:00:48"]
[BlackClock "0:00:27"]

1. e4 c5 2. Nf3 d6 3. d4 cxd4 4. Nxd4 Nf6 5. Nc3 g6 6. Be3 Bg7 7. h3 O-O 8. Bc4 Nc6 9. Bb3 Bd7 10. O-O Qa5 11. Qe2 Rfe8 12. Rad1 Rac8 13. f4 a6 14. a3 Qc7 15. Nf3 b5 16. e5 dxe5 17. fxe5 Nxe5 18. Nxe5 Qxe5 19. Rxf6 exf6 20. Rxd7 Qxe3+ 21. Qxe3 Rxe3 22. Nd5 Rce8 23. Nxe3 Rxe3 24. Bxf7+ Kf8 25. Bb3 Re7 26. Rd8+ Re8 27. Rd6 f5 28. Rd7 Re7 29. Rd8+ Re8 30. Rd7 Re7 31. Rd8+ Re8 32. Rd7 1/2-1/2

[Event "January 9 Early 2024"]
[Site "https://www.chess.com"]
[Date "2024.01.11"]
[Round "3"]
[White "Sultanbek, Zeinep"]
[Black "Mhango, Banele"]
[Result "0-1"]
[Board "89"]
[TimeControl "180+1"]
[WhiteFideId "13710419"]
[BlackFideId "14327040"]
[WhiteElo "2316"]
[BlackElo "2578"]
[WhiteTeam "KAZ"]
[BlackTeam "RSA"]
[WhiteClock "0:00:17"]
[BlackClock "0:00:45"]

1. d4 Nf6 2. c4 e6 3. Nf3 c5 4. d5 exd5 5. cxd5 d6 6. Nc3 g6 7. e4 Bg7 8. Nd2 O-O 9. Be2 b6 10. O-O Re8 11. Re1 Na6 12. Bb5 Rf8 13. Nc4 Nh5 14. Qa4 Nb4 15. Bc6 Nd3 16. Rd1 Nxc1 17. Bxa8 Bxc3 18. Raxc1 Bd4 19. Bc6 Bg4 20. Rxd4 cxd4 21. Qxa7 Bf3 22. Nd2 Qg5 23. Rc2 Qxg2# 0-1

[Event "January 9 Early 2024"]
[Site "https://www.chess.com"]
[Date "2024.01.11"]
[Round "3"]
[White "Dubnevych, Maksym"]
[Black "Szpar, Milosz"]
[Result "0-1"]
[Board "90"]
[TimeControl "180+1"]
[WhiteFideId "14184001"]
[BlackFideId "1184989"]
[WhiteElo "2516"]
[BlackElo "2846"]
[WhiteTeam "UKR"]
[BlackTeam "POL"]
[WhiteClock "0:00:15"]
[BlackClock "0:01:05"]

1. d4 d5 2. Nc3 e6 3. Bf4 Bd6 4. e3 Ne7 5. Nf3 O-O 6. Be2 Ng6 7. Bg3 f5 8. Bxd6 cxd6 9. g3 Nd7 10. Nd2 Nf6 11. Bf3 Bd7 12. h4 b5 13. a3 a5 14. b4 Rc8 15. Ne2 a4 16. c3 Ne4 17. Bxe4 fxe4 18. h5 Ne7 19. Rc1 e5 20. Ng1 Be6 21. Qe2 Qd7 22. Rh4 Nf5 23. Rh2 exd4 24. exd4 Nxd4 25. Qd1 Nc6 26. Nf1 Ne5 27. Qd4 Rc4 28. Qe3 Nd3+ 29. Kd2 d4 30. Qg5 h6 31. Qg6 Bf5 0-1

[Event "January 9 Early 2024"]
[Site "https://www.chess.com"]
[Date "2024.01.11"]
[Round "3"]
[White "Mishra, Manoj"]
[Black "Xu, Daniel"]
[Result "0-1"]
[Board "91"]
[TimeControl "180+1"]
[WhiteFideId "5006007"]
[BlackFideId "2627345"]
[WhiteElo "2261"]
[BlackElo "2480"]
[WhiteTeam "IND"]
[BlackTeam "CAN"]
[WhiteClock "0:00:24"]
[BlackClock "0:00:39"]

1. d4 Nf6 2. Bg5 d5 3. e3 c5 4. Bxf6 gxf6 5. dxc5 e6 6. Nc3 Bxc5 7. Qh5 Nc6 8. O-O-O Qe7 9. Nf3 f5 10. Bb5 Bd7 11. Bxc6 Bxc6 12. Ne5 Bd6 13. Nxc6 bxc6 14. Qh6 Be5 15. Rd3 Rb8 16. a3 Qb7 17. b3 Qa6 18. Na4 Bd6 19. Kb2 Qxa4 20. Qf6 Qxa3+ 21. Kb1 Rf8 22. c4 Rxb3+ 0-1

[Event "January 9 Early 2024"]
[Site "https://www.chess.com"]
[Date "2024.01.11"]
[Round "3"]
[White "Rodriguez Avila, Alvaro"]
[Black "Thake, Conrad"]
[Result "1-0"]
[Board "92"]
[TimeControl "180+1"]
[WhiteFideId "24570249"]
[BlackFideId "5602947"]
[WhiteElo "2315"]
[BlackElo "1837"]
[WhiteTeam "ESP"]
[BlackTeam "MLT"]
[WhiteClock "0:00:37"]
[BlackClock "0:00:59"]

1. e4 c5 2. Nf3 d6 3. d4 cxd4 4. Nxd4 Nf6 5. Nc3 a6 6. Bg5 e6 7. f4 Be7 8. Qf3 Qc7 9. O-O-O b5 10. Bxf6 gxf6 11. e5 Bb7 12. exd6 Bxd6 13. Qh5 Bxf4+ 14. Kb1 Nd7 15. Nxe6 Qe5 16. Nxf4 Qxf4 17. Bxb5 axb5 18. Rhe1+ Ne5 19. g3 Qb4 20. Rxe5+ Kf8 21. Rxb5 Qe7 22. Qh6+ Kg8 23. Rxb7 Qxb7 24. Nd5 1-0

[Event "January 9 Early 2024"]
[Site "https://www.chess.com"]
[Date "2024.01.11"]
[Round "3"]
[White "Silvestre, Christian"]
[Black "Kuhn, Clement"]
[Result "0-1"]
[Board "93"]
[TimeControl "180+1"]
[WhiteFideId "30956269"]
[BlackFideId "36099775"]
[WhiteElo "2286"]
[BlackElo "2583"]
[WhiteTeam "USA"]
[BlackTeam "FRA"]
[WhiteClock "0:00:10"]
[BlackClock "0:01:26"]

1. e4 d5 2. exd5 Nf6 3. d4 Bg4 4. Be2 Bxe2 5. Nxe2 Qxd5 6. O-O Nc6 7. Bf4 O-O-O 8. Nbc3 Qf5 9. Bg3 e5 10. d5 Nb4 11. Qe1 Nxc2 12. Qd2 Nxa1 13. Rxa1 h5 14. h4 Bc5 15. Rc1 Kb8 16. Nb5 Rxd5 17. Qg5 Qxg5 18. hxg5 Ne4 19. Nec3 Nxc3 20. Nxc3 Rd7 21. Bxe5 f6 22. gxf6 gxf6 23. Bxf6 Rf8 24. Ne4 Bb6 25. Kf1 a6 26. f3 Rd5 27. Ke2 Rb5 28. Bc3 Rg8 29. g3 h4 30. gxh4 Rg2+ 31. Kd3 Rh2 32. Bf6 Rf5 33. Bg5 Rxf3+ 34. Kc4 Re2 35. Kd5 Rd3+ 36. Ke5 Rd4 37. h5 Rdxe4+ 38. Kf6 Re6+ 39. Kf7 R6e5 40. h6 Rxg5 41. h7 Rh5 42. Kg7 Rg2+ 43. Kh8 Bd4# 0-1

[Event "January 9 Early 2024"]
[Site "https://www.chess.com"]
[Date "2024.01.11"]
[Round "3"]
[White "Kruckenhauser, Arthur"]
[Black "Sarkar, Justin"]
[Result "1-0"]
[Board "94"]
[TimeControl "180+1"]
[WhiteFideId "1642812"]
[BlackFideId "2010011"]
[WhiteElo "2557"]
[BlackElo "2283"]
[WhiteTeam "AUT"]
[BlackTeam "USA"]
[WhiteClock "0:01:02"]
[BlackClock "0:00:02"]

1. d4 Nf6 2. Nf3 d6 3. Nc3 d5 4. Bf4 Bf5 5. Nb5 Na6 6. e3 e6 7. c3 c6 8. Na3 Bxa3 9. bxa3 Qa5 10. Qb3 O-O 11. Be2 Ne4 12. Rc1 c5 13. O-O c4 14. Qb2 b6 15. Nd2 Nxd2 16. Qxd2 Qxa3 17. h4 h6 18. g4 Be4 19. g5 hxg5 20. hxg5 f6 21. f3 Bg6 22. Kf2 Kf7 23. Rh1 Rh8 24. e4 Qe7 25. gxf6 gxf6 26. Rce1 Nc7 27. Rxh8 Rxh8 28. exd5 Nxd5 29. Bxc4 1-0

[Event "January 9 Early 2024"]
[Site "https://www.chess.com"]
[Date "2024.01.11"]
[Round "3"]
[White "Agrest, Inna"]
[Black "Nowak, Lukasz"]
[Result "1-0"]
[Board "95"]
[TimeControl "180+1"]
[WhiteFideId "1708830"]
[BlackFideId "1166760"]
[WhiteElo "2348"]
[BlackElo "2003"]
[WhiteTeam "SWE"]
[BlackTeam "POL"]
[WhiteClock "0:01:00"]
[BlackClock "0:00:09"]

1. e4 e6 2. d4 d5 3. Nc3 Bb4 4. a3 Bxc3+ 5. bxc3 dxe4 6. Qg4 Nf6 7. Qxg7 Rg8 8. Qh6 c5 9. Ne2 Bd7 10. Ng3 Ba4 11. Be2 cxd4 12. cxd4 Qxd4 13. Rb1 Rg6 14. Qd2 Qxd2+ 15. Bxd2 Bc6 16. O-O Nbd7 17. c4 O-O-O 18. Bc3 Nc5 19. Rfd1 Rxd1+ 20. Rxd1 Nfd7 21. Bh5 Rg8 22. Bxf7 Rd8 23. h3 Nb6 24. Rxd8+ Kxd8 25. Bd4 Nbd7 26. Bg8 h6 27. Bh7 Ke7 28. Kf1 e5 29. Be3 b6 30. Bxh6 1-0

[Event "January 9 Early 2024"]
[Site "https://www.chess.com"]
[Date "2024.01.11"]
[Round "3"]
[White "Filipovic, Slobodan J"]
[Black "Tarnowska, Aleksandra"]
[Result "1-0"]
[Board "96"]
[TimeControl "180+1"]
[WhiteFideId "939633"]
[BlackFideId "1180967"]
[WhiteElo "2412"]
[BlackElo "2198"]
[WhiteTeam "SRB"]
[BlackTeam "POL"]
[WhiteClock "0:01:12"]
[BlackClock "0:00:02"]

1. c4 e5 2. Nc3 Nf6 3. Nf3 d6 4. d4 e4 5. Ng5 Bf5 6. e3 h6 7. Nh3 Be7 8. Qb3 Qc8 9. Nf4 O-O 10. h3 Nc6 11. g4 Bd7 12. Qc2 Nb4 13. Qb1 d5 14. cxd5 c6 15. a3 Na6 16. d6 Bxd6 17. Nxe4 Bxf4 18. Nxf6+ gxf6 19. exf4 c5 20. d5 c4 21. Be3 c3 22. Bg2 c2 23. Qc1 Bb5 24. Bf1 Bxf1 25. Kxf1 Qc4+ 26. Kg2 Qxd5+ 27. Kg3 Rac8 28. b4 Nc7 29. Ra2 Ne6 30. Rxc2 Nd4 31. Rxc8 Qf3+ 32. Kh2 Rxc8 33. Qxc8+ Kg7 34. Qc4 Ne2 35. Re1 1-0

[Event "January 9 Early 2024"]
[Site "https://www.chess.com"]
[Date "2024.01.11"]
[Round "3"]
[White "Csonka, Balazs"]
[Black "Livaic, Leon"]
[Result "0-1"]
[Board "97"]
[TimeControl "180+1"]
[WhiteFideId "742910"]
[BlackFideId "14531534"]
[WhiteElo "2705"]
[BlackElo "2923"]
[WhiteTeam "HUN"]
[BlackTeam "CRO"]
[WhiteClock "0:00:03"]
[BlackClock "0:00:36"]

1. e4 c5 2. Nf3 e6 3. d4 cxd4 4. Nxd4 Nf6 5. Nc3 Nc6 6. a3 d6 7. Be3 a6 8. f3 h5 9. Bc4 Be7 10. Ba2 Bd7 11. O-O h4 12. f4 h3 13. g4 Rh4 14. g5 Ng4 15. Nxc6 Bxc6 16. Bd4 Bxg5 17. fxg5 Qxg5 18. Kh1 Ne3 19. Rg1 Qf4 20. Bxe3 Bxe4+ 0-1

[Event "January 9 Early 2024"]
[Site "https://www.chess.com"]
[Date "2024.01.11"]
[Round "3"]
[White "Tikhonov, Viacheslav"]
[Black "Darmanin, Jake"]
[Result "1-0"]
[Board "98"]
[TimeControl "180+1"]
[WhiteFideId "44196407"]
[BlackFideId "5601061"]
[WhiteElo "2540"]
[BlackElo "2316"]
[WhiteTeam "RUS"]
[BlackTeam "MLT"]
[WhiteClock "0:00:10"]
[BlackClock "0:00:51"]

1. e4 e5 2. Nf3 Nc6 3. Bc4 Nf6 4. Ng5 d5 5. exd5 Na5 6. Bb5+ c6 7. dxc6 bxc6 8. Be2 h6 9. Nh3 Nd5 10. Nc3 Bxh3 11. gxh3 Nf4 12. d4 Ng2+ 13. Kf1 exd4 14. Kxg2 dxc3 15. Bf3 cxb2 16. Qxd8+ Rxd8 17. Bxb2 Rd6 18. Rhe1+ Kd7 19. Bg4+ Kc7 20. Be5 Nc4 21. Bg3 h5 22. Be2 h4 23. Bxd6+ Nxd6 24. Bd3 g6 25. Rab1 Bg7 26. Re7+ Kd8 27. Rxa7 Nc8 28. Rxf7 Be5 29. Rbb7 Rh5 30. Rf8# 1-0

[Event "January 9 Early 2024"]
[Site "https://www.chess.com"]
[Date "2024.01.11"]
[Round "3"]
[White "Eugene, Floryan"]
[Black "Coelho, Ramyres Santana"]
[Result "1-0"]
[Board "99"]
[TimeControl "180+1"]
[WhiteFideId "20694784"]
[BlackFideId "2120690"]
[WhiteElo "2587"]
[BlackElo "2289"]
[WhiteTeam "FRA"]
[BlackTeam "BRA"]
[WhiteClock "0:01:27"]
[BlackClock "0:00:02"]

1. d4 Nf6 2. Nc3 d6 3. Nf3 g6 4. g3 Bg7 5. Bg2 O-O 6. O-O Nc6 7. e4 e5 8. d5 Ne7 9. Nd2 Nd7 10. b4 a5 11. Ba3 axb4 12. Bxb4 f5 13. a4 f4 14. Nb5 b6 15. c4 Nf6 16. a5 bxa5 17. Bxa5 Rxa5 18. Rxa5 c6 19. Ra8 cxb5 20. cxb5 Qb6 21. Qb3 Bb7 22. Rxf8+ Bxf8 23. Nc4 Qc5 24. Rb1 fxg3 25. hxg3 Ng4 26. Rb2 Nc8 27. Bh3 h5 28. Bxg4 hxg4 29. b6 Bh6 30. Qb4 Qd4 31. Na5 Qd1+ 32. Kh2 Qf1 33. Nxb7 Bf4 34. Qb5 Qh3+ 35. Kg1 Bxg3 36. fxg3 Qxg3+ 37. Rg2 Qe1+ 38. Qf1 Qe2 39. Qxe2 1-0